 Dungeon Crawl Stone Soup version 0.21.1-1-g345015f (webtiles) character file.

81813 grindst0ne the Severer (level 16, -1/109 HPs)
             Began as a Human Berserker on Feb 28, 2018.
             Was a High Priest of Trog.
             Slain by an alligator skeleton (15 damage)
             ... on level 1 of the Abyss.
             The game lasted 01:06:00 (25423 turns).

grindst0ne the Severer (Human Berserker)           Turns: 25423, Time: 01:06:01

Health: -1/109     AC: 26    Str: 19 (22) XL:     16   Next: 19%
Magic:  6/6        EV: 10    Int: 16      God:    Trog [*****.]
Gold:   1789       SH:  0    Dex: 12      Spells: 15/15 levels left

rFire    + . .     SeeInvis +   m - +6 battleaxe (antimagic)
rCold    + . .     Gourm    .   (shield currently unavailable)
rNeg     . . .     Faith    +   f - +0 plate armour
rPois    +         Spirit   .   X - +1 helmet
rElec    .         Reflect  .   p - scarf {rC+ rF+}
rCorr    .         Harm     .   Y - +2 pair of gloves of a bazaar {rPois}
MR       ++...                  B - +2 pair of boots
Stlth    ..........             k - amulet of the City {Faith Int+7}
HPRegen  0.28/turn              K - ring of see invisible
MPRegen  0.10/turn              j - ring of protection from magic

@: berserk cooldown, very slightly contaminated, slowed, drained, very slow
A: [deterioration 2], [frail 1], [weak 1], [MP-powered wands]
a: Berserk, Trog's Hand, Brothers in Arms, Burn Spellbooks, Renounce Religion


You were on level 1 of the Abyss.
You worshipped Trog.
Trog was extremely pleased with you.
You were near starving.

You visited 2 branches of the dungeon, and saw 21 of its levels.
You visited the Abyss 1 time.

You collected 2020 gold pieces.
You spent 231 gold pieces at shops.

Inventory:

Hand Weapons
 m - a +6 antimagic battleaxe (weapon)
 E - a +4 battleaxe of flaming
Missiles
 x - 2 throwing nets (quivered)
Armour
 f - a +0 plate armour (worn)
 p - a scarf of resistance (worn)
 t - +0 fire dragon scales
 B - a +2 pair of boots (worn)
 X - a +1 helmet (worn)
 Y - the +2 pair of gloves of a bazaar (worn) {rPois}
   (You found it on level 14 of the Dungeon)

   It protects you from poison.
Jewellery
 b - an uncursed amulet of the gourmand {unknown}
 j - a ring of protection from magic (right hand)
 k - the amulet of the City (around neck) {Faith Int+7}
   (You found it on level 6 of the Lair of Beasts)

   [amulet of faith]

   It allows you to gain divine favour quickly.
   It affects your intelligence (+7).
 n - an uncursed ring of positive energy
 K - a ring of see invisible (left hand)
 R - an uncursed amulet of guardian spirit
 U - a +5 ring of strength
Wands
 a - a wand of acid (2)
 g - a wand of flame (50)
 l - a wand of iceblast (20)
 w - a wand of digging (14)
 L - a wand of polymorph (15)
Scrolls
 d - a scroll of torment {unknown}
 o - 9 scrolls of enchant armour
 q - 11 scrolls of remove curse
 u - a scroll of acquirement
 v - 8 scrolls of teleportation
 y - 9 scrolls of magic mapping
 A - 3 scrolls of blinking
 J - 6 scrolls of enchant weapon
 P - a scroll of silence {unknown}
 T - a scroll of fog
 W - a scroll of fear
 Z - a scroll of holy word {unknown}
Potions
 e - 2 potions of berserk rage
 h - 3 potions of curing
 i - a potion of brilliance
 s - 2 potions of mutation
 C - a potion of invisibility
 F - 3 potions of flight
 H - a potion of cancellation
 I - 3 potions of agility
 N - 2 potions of magic
 S - a potion of haste
Books
 r - Suzelibe's Collected Works on Shape Shifting
   (You found it on level 1 of the Abyss)

   Spells                             Type                      Level
   a - Beastly Appendage              Transmutation                1
   b - Passwall                       Transmutation/Earth          2
   c - Sticks to Snakes               Transmutation                2
   d - Ignite Poison                  Fire/Transmutation/Poison    3
   e - Spider Form                    Transmutation/Poison         3
   f - Ice Form                       Ice/Transmutation            4
   g - Blade Hands                    Transmutation                5
   Trog disapproves of the use of such an item.
Miscellaneous
 z - a phantom mirror
 M - a phial of floods
 O - a lamp of fire
 V - a box of beasts
Comestibles
 c - 29 rations


   Skills:
 - Level 10.2(9.9) Fighting
 + Level 17.3(17.0) Axes
 + Level 14.8(14.5) Armour
 + Level 9.2(9.0) Dodging
 - Level 6.0(5.7) Evocations


You had 15 spell levels left.
You didn't know any spells.

Dungeon Overview and Level Annotations

Branches:
Dungeon (15/15)            Temple (0/1) D:4            Lair (6/6) D:8
  Swamp (0/4) Lair:2        Snake (0/4) Lair:4        Slime (0/5) Lair:5
    Orc (0/2) D:10         Vaults (0/5) D:14
 Depths: D:15

Altars:
Ashenzari
Dithmenos
Elyvilon
Fedhas
Gozag
Hepliaklqana
Kikubaaqudgha
Makhleb
Qazlal
Sif Muna
Uskayaw
Vehumet
Wu Jian
Xom
Zin
Jiyva

Shops:
D:7 ?

Annotations:
D:3 exclusion: downstairs
D:5 exclusion: 2 downstairs
D:13 exclusion: downstairs
D:15 exclusion: Roxanne, Roxanne, Sonja


Innate Abilities, Weirdness & Mutations

[Your body often deteriorates upon taking damage.]
[You are frail. (-10% HP)]
[You are weak. (Str -2)]
[You expend magic power (3 MP) to strengthen your wands.]


Message History

You completely miss the spatial maelstrom.
The spatial maelstrom is almost destroyed.
You slice the spatial maelstrom!!
You feel the power of Trog in you as your rage grows.
You destroy the spatial maelstrom!
Trog accepts your kill.
You feel the corruption within you wane somewhat.
You feel robust.
You feel stronger.
You feel a strong urge to attack something.
You feel your anger nearly subside.
You are no longer berserk.
You are exhausted.
You feel yourself slow down.
You fracture the alligator skeleton into splinters!!!
The alligator skeleton is heavily damaged.
The alligator skeleton bites you but does no damage.
The alligator skeleton tail-slaps you.
* * * LOW HITPOINT WARNING * * *
The alligator skeleton bites you!
You die...

.. . # .###. # # .
### .#... #. .##
.# v #. #..#. #
..# # .# #..# #...
# # .# #..#.v..#
#v...# .. ####. ..
#. . # #@##.#.
####v.# ....#
#Z#..### .v
.........#. ##..#
#
.........'........
. ....(..#.### # #
.....v...#.#
..........#.
#..#.#..#. .
####..##.# #


You could see a spatial vortex and an alligator skeleton.

Vanquished Creatures
  Gastronok (Lair:2)
  A dire elephant (Lair:6)
  The ghost of Scuka the Grappler, a journeyman TrHu of Trog (D:11)
  A fire dragon (D:15)
  An ogre mage (D:15)
  9 hydras
  A rakshasa (D:13)
  3 vault guards (D:14)
  The ghost of xccam the Grappler, a novice TrMo of Dithmenos (D:8)
  A catoblepas (D:13)
  3 centaur warriors
  6 two-headed ogres
  A death yak (D:8)
  A death knight (D:14)
  Urug (Lair:5)
  2 wretched stars (Abyss:1)
  8 skeletal warriors
  A spatial maelstrom (Abyss:1)
  A sea snake (Lair:6)
  A wizard (D:14)
  A wolf spider zombie (D:14)
  2 necromancers (D:14)
  2 orc knights (D:15)
  An orb spider (shapeshifter) (D:14)
  5 oklob plants (Lair:3)
  Pikel (D:4)
  An ugly thing (D:13)
  2 cyclopes
  The ghost of inc the Summoner, a novice FeWz of Sif Muna (D:11)
  2 manticores
  A torpor snail (Lair:6)
  2 centaur zombies
  An apocalypse crab (Abyss:1)
  Psyche (D:12)
  2 smoke demons (Abyss:1)
  4 black mambas
  A gargoyle (D:12)
  6 elephants
  8 spiny frogs
  12 komodo dragons
  6 rime drakes
  4 freezing wraiths
  A harpy zombie (D:14)
  An efreet (Abyss:1)
  3 polar bears
  2 trolls
  Grinder (D:6)
  A hornet (D:13)
  10 blink frogs
  7 hippogriffs
  Sigmund (D:6)
  A spriggan (D:8)
  6 wyverns
  17 yaks
  4 wraiths
  A ynoxinul (Abyss:1)
  Eustachio (D:6)
  2 vampires
  5 basilisks
  19 humans (D:14)
  A neqoxec (Abyss:1)
  2 steam dragons
  A hungry ghost (D:10)
  6 swamp worms (Lair:2)
  Edmund (D:6)
  4 nagas (Lair:4)
  15 water moccasins
  7 orc warriors
  10 porcupines
  6 black bears
  A phantom (D:11)
  3 sky beasts
  An eye of draining (D:13)
  7 ice beasts
  2 slaves (D:4)
  A necrophage (D:9)
  A hornet zombie (D:13)
  28 wolves
  9 ogres
  4 boggarts (D:14)
  21 crocodiles
  15 centaurs
  2 big kobolds
  25 bullfrogs
  2 small abominations (Abyss:1)
  A wyvern zombie (D:12)
  A scorpion (D:5)
  6 howler monkeys
  4 electric eels
  4 crimson imps
  A bullfrog zombie (D:12)
  2 starcursed masses (Abyss:1)
  6 hounds
  4 jellies
  24 orc wizards
  2 centaur skeletons
  9 orc priests
  Crazy Yiuf (D:5)
  4 iguanas
  An iron imp (Abyss:1)
  2 bullfrog skeletons (D:12)
  Natasha (D:4)
  6 worker ants
  A hound zombie (D:11)
  A howler monkey zombie (D:9)
  9 gnolls
  6 adders
  A shadow imp (D:7)
  2 white imps (Abyss:1)
  An ufetubus (Abyss:1)
  2 adder skeletons
  A worm (D:2)
  6 leopard geckos
  86 orcs
  A ball python (D:4)
  10 giant cockroaches
  10 hobgoblins
  14 jackals
  8 quokkas
  8 bats
  A frilled lizard (D:3)
  10 goblins
  15 kobolds
  A leopard gecko skeleton (D:7)
  14 rats
  A butterfly (Lair:4)
  10 fungi
  8 plants
675 creatures vanquished.

Vanquished Creatures (collateral kills)
  A merfolk avatar (Lair:6)
  A plant (Lair:6)
2 creatures vanquished.

Vanquished Creatures (others)
  2 slaves (D:4)
  An ogre (D:4)
  17 fungi
  18 plants
38 creatures vanquished.

Grand Total: 715 creatures vanquished

Notes
Turn   | Place    | Note
-------+----------+-------------------------------------------
     0 | D:1      | grindst0ne the Human Berserker began the quest for the Orb.
     0 | D:1      | Reached XP level 1. HP: 18/18 MP: 1/1
    69 | D:1      | Reached XP level 2. HP: 24/24 MP: 2/2
   160 | D:1      | Reached XP level 3. HP: 16/30 MP: 3/3
  1076 | D:1      | Reached ** piety under Trog
  1241 | D:2      | Reached XP level 4. HP: 37/38 MP: 4/4
  1283 | D:2      | Found a stormy altar of Qazlal.
  1514 | D:2      | Reached skill level 5 in Fighting
  1754 | D:3      | Reached XP level 5. HP: 42/44 MP: 5/5
  1782 | D:3      | Found a burning altar of Makhleb.
  2030 | D:3      | Reached *** piety under Trog
  2230 | D:4      | Noticed a slave
  2230 | D:4      | Noticed an ogre
  2232 | D:4      | Noticed a slave
  2234 | D:4      | Noticed a slave
  2235 | D:4      | Noticed Pikel
  2242 | D:3      | Killed an ogre
  2242 | D:3      | Reached XP level 6. HP: 53/53 MP: 2/6
  2498 | D:4      | Found a staircase to the Ecumenical Temple.
  2554 | D:4      | Noticed a slave
  2561 | D:4      | Killed a slave
  2566 | D:4      | Noticed an ogre
  2567 | D:4      | Killed a slave
  2581 | D:4      | Killed Pikel
  2581 | D:4      | Reached XP level 7. HP: 26/63 MP: 2/7
  2581 | D:4      | Reached XP level 8. HP: 29/70 MP: 2/8
  2891 | D:4      | Noticed Natasha
  2899 | D:4      | Killed Natasha
  3001 | D:5      | Entered Level 5 of the Dungeon
  3746 | D:5      | Reached skill level 10 in Fighting
  4195 | D:5      | Found a runed door.
  4199 | D:5      | Noticed Crazy Yiuf
  4204 | D:5      | Killed Crazy Yiuf
  4369 | D:6      | Noticed Grinder
  4380 | D:6      | Killed Grinder
  4380 | D:6      | Reached skill level 4 in Axes
  4380 | D:6      | Reached XP level 9. HP: 78/78 MP: 3/9
  4423 | D:5      | Reached **** piety under Trog
  5064 | D:6      | Reached skill level 5 in Axes
  5461 | D:6      | Noticed Eustachio
  5467 | D:6      | Noticed Edmund
  5469 | D:6      | Reached skill level 5 in Armour
  5518 | D:6      | Killed Edmund
  5715 | D:6      | Found a hide-covered altar of Uskayaw.
  5717 | D:6      | Found an ancient bone altar of Kikubaaqudgha.
  5717 | D:6      | Found an opulent altar of Gozag.
  5719 | D:6      | Found a shimmering altar of Xom.
  5719 | D:6      | Found a hide-covered altar of Uskayaw.
  5719 | D:6      | Found a white marble altar of Elyvilon.
  5810 | D:6      | Noticed Sigmund
  6079 | D:6      | Reached skill level 6 in Axes
  6171 | D:6      | Killed Sigmund
  6305 | D:6      | Killed Eustachio
  6441 | D:7      | Found Ronisk's Magic Scroll Shop.
  6446 | D:7      | Bought a scroll of magic mapping for 49 gold pieces
  6446 | D:7      | Bought a scroll of magic mapping for 49 gold pieces
  6446 | D:7      | Bought a scroll of identify for 28 gold pieces
  6450 | D:7      | Bought a scroll of blinking for 105 gold pieces
  6467 | D:7      | Reached XP level 10. HP: 85/85 MP: 10/10
  6535 | D:7      | Reached skill level 7 in Axes
  7115 | D:7      | Found a glowing silver altar of Zin.
  7115 | D:7      | Found a shattered altar of Ashenzari.
  7346 | D:8      | Found a staircase to the Lair.
  7346 | D:8      | Noticed an elephant
  7347 | D:8      | Noticed a death yak
  7372 | D:8      | Killed an elephant
  7372 | D:8      | Reached skill level 8 in Axes
  7526 | D:8      | Killed a death yak
  7838 | D:8      | Noticed a two-headed ogre
  7839 | D:8      | Reached skill level 9 in Axes
  7849 | D:8      | Killed a two-headed ogre
  7849 | D:8      | Reached ***** piety under Trog
  7849 | D:8      | Reached skill level 5 in Evocations
  8036 | D:8      | Noticed xccam's ghost (novice TrMo)
  8059 | D:8      | Killed xccam's ghost
  8059 | D:8      | Reached XP level 11. HP: 19/91 MP: 13/15
  8376 | D:8      | Reached skill level 10 in Axes
  8707 | D:8      | Found a shadowy altar of Dithmenos.
  8707 | D:8      | Found an ornate altar of the Wu Jian Council.
  8712 | D:8      | Found a shimmering altar of Xom.
  8714 | D:8      | Found a hazy altar of Hepliaklqana.
  8716 | D:8      | Found a hide-covered altar of Uskayaw.
  9355 | D:9      | Found an ancient bone altar of Kikubaaqudgha.
  9370 | D:9      | Found a radiant altar of Vehumet.
  9394 | D:9      | Identified Vehumet's Reference Book on Attacks
  9407 | D:9      | Found a deep blue altar of Sif Muna.
  9464 | D:10     | Entered Level 10 of the Dungeon
  9928 | D:10     | Reached skill level 11 in Axes
 10012 | D:10     | Received a gift from Trog
 10047 | D:10     | Found a staircase to the Orcish Mines.
 10078 | D:10     | Reached skill level 5 in Dodging
 10429 | D:11     | Noticed inc's ghost (novice FeWz)
 10438 | D:11     | Killed inc's ghost
 10522 | D:11     | Noticed Scuka's ghost (journeyman TrHu)
 10542 | D:11     | Killed Scuka's ghost
 10711 | D:11     | Noticed a skeletal warrior
 10711 | D:11     | Noticed a skeletal warrior
 10711 | D:11     | Noticed a skeletal warrior
 10712 | D:11     | Noticed a skeletal warrior
 10845 | Lair:1   | Entered Level 1 of the Lair of Beasts
 10849 | Lair:1   | Reached XP level 12. HP: 97/97 MP: 16/16
 11073 | Lair:1   | Noticed a five-headed hydra
 11078 | Lair:1   | Killed a five-headed hydra
 11146 | Lair:1   | Reached skill level 12 in Axes
 11727 | Lair:2   | Noticed Gastronok
 11752 | Lair:2   | Killed Gastronok
 11904 | Lair:2   | Received a gift from Trog
 12612 | Lair:2   | Reached skill level 13 in Axes
 12634 | Lair:2   | Found a staircase to the Swamp.
 13040 | Lair:2   | Noticed a seven-headed hydra
 13041 | Lair:2   | Killed a seven-headed hydra
 13041 | Lair:2   | Reached XP level 13. HP: 86/103 MP: 5/17
 13483 | Lair:3   | Found a blossoming altar of Fedhas.
 13573 | Lair:3   | Noticed a four-headed hydra
 13591 | Lair:3   | Killed a four-headed hydra
 14106 | Lair:3   | Reached skill level 10 in Armour
 14559 | Lair:3   | Reached skill level 14 in Axes
 15021 | Lair:3   | Identified the Compendium of Venom and the Oath
 15089 | Lair:4   | Received a gift from Trog
 15724 | Lair:4   | Found a staircase to the Snake Pit.
 15895 | Lair:4   | Noticed a seven-headed hydra
 15904 | Lair:4   | Killed a seven-headed hydra
 16537 | Lair:5   | Identified the Guide on the Assistive Birds
 16630 | Lair:5   | Found a staircase to the Slime Pits.
 16631 | Lair:5   | Found a viscous altar of Jiyva.
 17027 | Lair:5   | Noticed a seven-headed hydra
 17414 | Lair:5   | Killed a six-headed hydra
 17445 | Lair:5   | Noticed a seven-headed hydra
 17452 | Lair:5   | Reached XP level 14. HP: 110/110 MP: 18/18
 17668 | Lair:5   | Noticed Urug
 17686 | Lair:5   | Killed Urug
 17955 | Lair:6   | Entered Level 6 of the Lair of Beasts
 18266 | Lair:6   | Reached skill level 15 in Axes
 18316 | Lair:6   | Noticed a dire elephant
 18910 | Lair:6   | Got a smoking jade amulet
 19046 | Lair:6   | Identified the amulet of the City {Faith Int+7} (You found it on level 6 of the Lair of Beasts)
 19915 | Lair:6   | Killed a dire elephant
 20767 | D:11     | Reached skill level 16 in Axes
 21173 | D:12     | Received a gift from Trog
 21222 | D:12     | Reached XP level 15. HP: 100/115 MP: 19/19
 21436 | D:12     | Noticed Psyche
 21449 | D:12     | Killed Psyche
 21633 | D:13     | Found a hide-covered altar of Uskayaw.
 21679 | D:13     | Paralysed by a hornet for 1 turns
 23098 | D:14     | Identified a scroll of acquirement
 23742 | D:14     | Received a gift from Trog
 23953 | D:14     | Got a pair of slimy gloves
 23964 | D:14     | Identified the +2 pair of gloves of a bazaar {rPois} (You found it on level 14 of the Dungeon)
 24091 | D:14     | Reached skill level 17 in Axes
 24128 | D:14     | Found a gate to the Vaults.
 24381 | D:15     | Entered Level 15 of the Dungeon
 24749 | D:15     | Noticed Roxanne
 24762 | D:15     | Reached XP level 16. HP: 98/122 MP: 6/20
 24772 | D:15     | Received a gift from Trog
 24898 | D:15     | Noticed Sonja
 24969 | D:15     | Cast into level 1 of the Abyss (Sonja)
 25073 | Abyss:1  | Noticed a tentacled starspawn
 25078 | Abyss:1  | Identified Suzelibe's Collected Works on Shape Shifting
 25423 | Abyss:1  | Slain by an alligator skeleton

Skill      XL: |  1  2  3  4  5  6  7  8  9 10 11 12 13 14 15 16 |
---------------+-------------------------------------------------+-----
Fighting       | 4 5 6 8 10 | 10.2
Axes           | 4 6 9 11 13 14 16 17 | 17.3
Armour         | 3 6 8 11 13 14 | 14.8
Evocations     | 6 |  6.0
Dodging        | 6 7 8 9 |  9.2

Action                   |  1- 3 |  4- 6 |  7- 9 | 10-12 | 13-15 | 16-18 || total
-------------------------+-------+-------+-------+-------+-------+-------++-------
Melee: Hand axe          |    90 |   196 |   272 |       |       |       ||   558
       War axe           |       |       |     2 |   596 |       |       ||   598
       Battleaxe         |       |       |       |    86 |   873 |    97 ||  1056
Throw: Throwing net      |       |       |     1 |       |       |       ||     1
Invok: Berserk           |     3 |     4 |    24 |    34 |    30 |     4 ||    99
       Burn Spellbooks   |       |       |       |     1 |       |       ||     1
Evoke: Wand              |       |       |     1 |    10 |    57 |       ||    68
       Lamp of fire      |       |       |       |       |     1 |       ||     1
       Box of beasts     |       |       |       |       |     1 |       ||     1
       Sack of spiders   |       |       |       |       |     1 |       ||     1
  Use: Scroll            |       |       |    10 |    11 |    10 |       ||    31
       Potion            |       |       |     5 |     6 |     8 |       ||    19
 Stab: Sleeping          |     1 |       |       |       |       |       ||     1
       Distracted        |       |       |       |     1 |     1 |       ||     2
  Eat: Chunk             |     2 |     9 |    15 |    45 |    49 |       ||   120
       Ration            |       |       |     6 |     4 |     5 |     1 ||    16
Armor: Animal skin       |    16 |       |       |       |       |       ||    16
       Chain mail        |     4 |   110 |   164 |       |       |       ||   278
       Plate armour      |       |       |    55 |   437 |   583 |    59 ||  1134
Dodge: Dodged            |    65 |    99 |   137 |   276 |   515 |    48 ||  1140
